 Dungeon Crawl Stone Soup version 0.30-a0-377-g5cb311bc9f (webtiles) character file.

Game seed: 10966690355510188924

47 Bnni the Shield-Bearer (level 3, -1/30 HPs)
             Began as a Formicid Fighter on Nov 27, 2022.
             Slain by a gnoll
             ... wielding a +0 spear
              (3 damage)
             ... on level 2 of the Dungeon.
             The game lasted 00:01:41 (705 turns).

Bnni the Shield-Bearer (Formicid Fighter)            Turns: 705, Time: 00:01:41

Health: -1/30      AC:  9    Str: 22    XL:     3   Next: 97%
Magic:  3/3        EV:  7    Int:  7    God:
Gold:   55         SH:  5    Dex: 13    Spells: 2/2 levels left

rFire   . . .      SeeInvis +    a - +0 trident
rCold   . . .      Faith    .    c - +0 buckler
rNeg    . . .      Spirit   .    n - +0 chain mail
rPois   .          Reflect  .    (helmet unavailable)
rElec   .          Harm     .    (no cloak)
rCorr   .          Rampage  .    (no gloves)
Will    .....                    (no boots)
Stlth   ..........               (no amulet)
HPRegen 0.25/turn                i - ring of flight
MPRegen 0.08/turn                (no ring)

@: flying
A: permanent stasis, dig shafts and tunnels, antennae 3, four strong arms
a: Dig, Shaft Self


You were on level 2 of the Dungeon.
You visited 1 branch of the dungeon, and saw 2 of its levels.

You collected 55 gold pieces.

Inventory:

Hand Weapons
 a - a +0 trident (weapon)
Missiles
 h - 5 poisoned darts (quivered)
Armour
 c - a +0 buckler (worn)
 n - a +0 chain mail (worn)
Jewellery
 i - a ring of flight (left hand)
Scrolls
 f - 2 scrolls of identify {unknown}
 g - a scroll of magic mapping {unknown}
 l - a scroll of torment {unknown}
 m - 2 scrolls of butterflies {unknown}
Potions
 d - a potion of might
 e - a potion of resistance {unknown}
 j - 2 potions of heal wounds {unknown}
 k - a potion of brilliance {unknown}


   Skills:
 + Level 3.7 Fighting
 * Level 2.9 Polearms
 - Level 3.2 Armour
 - Level 5.0 Shields


You had 2 spell levels left.
You didn't know any spells.
Your spell library contained the following spells:

 Spells                   Type           Power      Damage    Failure   Level
 Beastly Appendage        Tmut           0%         N/A       99%         1
 Wereblood                Tmut           0%         N/A       100%        2
 Spider Form              Tmut/Pois      0%         N/A       100%        3


Dungeon Overview and Level Annotations

Branches:
Dungeon (2/15)

Altars:


Innate Abilities, Weirdness & Mutations

You cannot be hasted, slowed, berserked, paralysed or teleported.
You can dig through walls and to a lower floor.
You have a pair of large antennae on your head. (SInv)
Your four strong arms can wield two-handed weapons with a shield.


Message History

The gnoll hits you with a +0 flail of protection!
The gnoll hits you from afar with a +0 spear.
The gnoll closely misses you.
You hit the gnoll.
The gnoll is almost dead.
You block the gnoll's attack.
The gnoll hits you with a +0 flail of protection!
* * * LOW HITPOINT WARNING * * *
You are too injured to fight recklessly!
You are too injured to fight recklessly!
You are too injured to fight recklessly!
You are too injured to fight recklessly!
You are too injured to fight recklessly!
You are too injured to fight recklessly!
You are too injured to fight recklessly!
You are too injured to fight recklessly!
You are too injured to fight recklessly!
You are too injured to fight recklessly!
You are too injured to fight recklessly!
You are too injured to fight recklessly!
You are too injured to fight recklessly!
You are too injured to fight recklessly!
You hit the gnoll.
The gnoll is almost dead.
You block the gnoll's attack. The gnoll barely misses you.
You barely miss the gnoll.
The gnoll is almost dead.
You block the gnoll's attack. The gnoll barely misses you.
You barely miss the gnoll.
The gnoll is almost dead.
The gnoll hits you but does no damage. x2
You hit the gnoll but do no damage.
The gnoll is almost dead.
The gnoll hits you from afar with a +0 spear.
* * * LOW HITPOINT WARNING * * *
You block the gnoll's attack.
The gnoll hits you with a +0 flail of protection.
* * * LOW HITPOINT WARNING * * *
The gnoll hits you from afar with a +0 spear.
You die...

. ..#... ...#.... ###
#####.....
.....#######.....##>. ..
........[.#######. #.#
######..†........ ##..#
#####......##...
#..######.............#.
######.##ggg@..###......#####
#.........###### ####.###
..........### #.# ..........#
#.# ..........# ...
..........# ..........#
......<...# ...........


You could see 3 gnolls.

Vanquished Creatures
  A worm (D:2)
  2 dart slugs
  4 bats
  3 endoplasms
  A goblin (D:1)
  8 hobgoblins
  2 jackals (D:1)
  4 quokkas
  6 ball pythons
  A frilled lizard (D:1)
  2 kobolds (D:1)
  A rat (D:1)
35 creatures vanquished.

Notes
Turn   | Place    | Note
-------+----------+-------------------------------------------
     0 | D:1      | Bnni the Formicid Fighter began the quest for the Orb.
     0 | D:1      | Reached XP level 1. HP: 18/18 MP: 1/1
    80 | D:1      | Reached XP level 2. HP: 21/24 MP: 2/2
   171 | D:1      | Reached XP level 3. HP: 28/29 MP: 3/3
   655 | D:2      | Reached skill level 5 in Shields
   705 | D:2      | Slain by a gnoll

Illustrated notes

Levels and vault maps discovered:
D:1:      zelgadis_glass_arrival_small, layout_rooms, chequers_arboretum
D:2:      layout_rooms

Skill      XL: |  1  2  3 |
---------------+----------+-----
Shields        | 5 |  5.0
Fighting       | |  3.7
Polearms       | |  2.9
Armour         | |  3.2

Action                   || total
-------------------------++-------
Melee: Trident           ||   102
 Abil: Dig               ||     1
Armor: Scale mail        ||    26
       Chain mail        ||     4
Dodge: Dodged            ||    35
Block: Buckler           ||    23

Table legend: (Time is in decaauts)
 A = Elapsed time spent in this place.
 B = Non-inter-level travel time spent in this place.
 C = Inter-level travel time spent in this place.
 D = Time resting spent in this place.
 E = Time spent auto-exploring this place.
 F = Levels seen in this place.
 G = Mean time per level.
                   A        B        C        D        E       F      G
               +--------+--------+--------+--------+--------+-----+--------+
         Total |    724 |    706 |     18 |      0 |    481 |   2 |  362.0 |
       Dungeon |    724 |    706 |     18 |      0 |    481 |   2 |  362.0 |
               +--------+--------+--------+--------+--------+-----+--------+

Top non-repeatable levels by time:
     D:1: 529 daAuts
     D:2: 195 daAuts
